 Dungeon Crawl Stone Soup version 0.31-a0-940-gdaa99269f9 (webtiles) character file.

Game seed: 15693184568346014953

497 Naiya55 the Frost Mage (level 7, -2/57 HPs)
             Began as a Naga Ice Elementalist on Oct 21, 2023.
             Slain by a gnoll
             ... wielding a +0 spear
             ... led by a gnoll bouda
              (7 damage)
             ... on level 4 of the Dungeon.
             The game lasted 00:08:46 (3373 turns).

Naiya55 the Frost Mage (Naga Ice Elementalist)      Turns: 3373, Time: 00:08:46

Health: -2/57      AC: -8    Str: 11    XL:     7   Next: 16%
Magic:  3/10       EV:  9    Int: 17    God:
Gold:   194        SH:  0    Dex: 11    Spells: 6/10 levels left

rFire   + . .        l - +0 dagger (venom)
rCold   + . .        (no shield)
rNeg    . . .        a - +0 robe
rPois   +            (no helmet)
rElec   +            (no cloak)
rCorr   +            (no gloves)
SInv    +            (no barding)
Will    .....        (no amulet)
Stlth   ++           r - ring of wizardry
HPRegen 0.29/turn    w - ring of flight
MPRegen 0.12/turn

%: wizardry (x1)
@: resistant, weakened, corroded, freezing walls, flying, very slow
A: AC +2, large, see invisible, deformed body, poison resistance, slowness 2,
spit poison 1, naga tail 1
a: Spit Poison


You were on level 4 of the Dungeon.
You visited 1 branch of the dungeon, and saw 4 of its levels.

You collected 194 gold pieces.

Inventory:

Hand Weapons
 e - a +0 trident
 l - a +0 dagger of venom (weapon)
Armour
 a - a +0 robe (worn)
 s - a +3 scale mail of cold resistance
 t - the +2 cloak of the Eternal Fruit {Dex+5 Stlth-}
   (You found it on level 3 of the Dungeon)

   Dex+5:     It affects your dexterity (+5).
   Stlth-:    It makes you less stealthy.
Jewellery
 r - a ring of wizardry (left hand)
 w - a ring of flight (right hand)
Wands
 v - a wand of roots (6)
Scrolls
 c - 6 scrolls of identify {unknown}
 d - a scroll of blinking {unknown}
 h - 2 scrolls of fog {unknown}
 i - 2 scrolls of teleportation {unknown}
 j - a scroll of enchant weapon {unknown}
 n - a scroll of poison {unknown}
 p - a scroll of amnesia {unknown}
 q - a scroll of revelation {unknown}
 y - a scroll of acquirement {unknown}
Potions
 b - a potion of magic
 f - a potion of enlightenment {unknown}
 g - 2 potions of curing {unknown}
 k - a potion of degeneration {unknown}
 m - a potion of mutation {unknown}
 o - 2 potions of resistance
 u - a potion of might {unknown}
 x - 2 potions of brilliance {unknown}
 z - a potion of ambrosia {unknown}
 A - a potion of haste {unknown}


   Skills:
 + Level 1.2 Fighting
 - Level 1.5 Dodging
 + Level 3.8 Stealth
 - Level 2.0 Spellcasting
 - Level 8.1 Ice Magic


You had 6 spell levels left.
You knew the following spells:

 Your Spells              Type           Power      Damage    Failure   Level
a - Freeze                Ice            100%       1d10      1%          1
b - Frozen Ramparts       Ice            58%        1d9       1%          3

Your spell library contained the following spells:

 Spells                   Type           Power      Damage    Failure   Level
 Ozocubu's Armour         Ice            29%        N/A       1%          3
 Poisonous Vapours        Pois/Air       2%         N/A       12%         2
 Summon Ice Beast         Ice/Summ       15%        N/A       16%         4
 Mephitic Cloud           Conj/Pois/Air  1%         N/A       22%         3
 Freezing Cloud           Conj/Ice/Air   5%         6-21      54%         5


Dungeon Overview and Level Annotations

Branches:
Dungeon (4/15)
 Temple: D:4-7

Altars:
Makhleb

Shops:
D:2 (


Innate Abilities, Weirdness & Mutations

Your serpentine skin is tough. (AC +2)
You have supernaturally acute eyesight. (SInv)
Armour fits poorly on your strangely shaped body.
Your system is resistant to poisons. (rPois)
You cover ground very slowly.
You can spit poison.
You have a snake-like lower body.


Message History

The frozen ramparts melt away.
The jelly hits you. The acid corrodes you!
You are splashed with acid!
* * * LOW HITPOINT WARNING * * *
Casting: Frozen Ramparts (safe; 1% risk of failure)
Confirm with . or Enter, or press ? or * to list all spells.
Casting: Frozen Ramparts (safe; 1% risk of failure)
Press: ? - help, Dir - look around, f - activate The walls around you are covered in ice.
The wall freezes the jelly.
The jelly barely misses you.
The wall freezes the gnoll bouda but does no damage.
The gnoll bouda gazes fiercely through you!
You feel your attacks grow feeble.
Casting: Frozen Ramparts (safe; 1% risk of failure)
Confirm with . or Enter, or press ? or * to list all spells.
Aiming: Freeze (safe; 1% risk of failure)
Press: ? - help, Shift-Dir - straight line, f - jelly
Aim: a jelly (severely wounded, poisoned)
You freeze the jelly.
The jelly is almost dead.
The wall freezes the jelly!
You kill the jelly!
The wall freezes the gnoll.
Your Fighting skill increases to level 1!
You barely miss the gnoll.
The gnoll is almost dead.
The wall freezes the gnoll but does no damage.
The gnoll closely misses you.
You hit the gnoll but do no damage. Your punch misses the gnoll.
The gnoll is almost dead.
You have got your breath back.
The wall freezes the gnoll!
You kill the gnoll!
The wall freezes the gnoll.
The gnoll hits you from afar with a +0 spear!
* * * LOW HITPOINT WARNING * * *
It was a potion of resistance.
You feel protected.
The wall freezes the gnoll.
The gnoll hits you from afar with a +0 spear!
You die...

##.#######
#).......# #
#..#####.# # #..#
.#
####.##..#####.####
.................>#
####.##..###....#.#
# #..###.####.# ..
.............@.#
#.#..####.####)#
#.#..#..#.# g..
#.#.^#..#.# .###
#.#..#..#.# ..
#.#..#..#.# ..
####.#..#.##.# ..#
.......=#....# ..#
.............#


You could see a gnoll (swift).

Vanquished Creatures
  A scorpion (D:4)
  A jelly (D:4)
  2 hounds (D:4)
  A gnoll bouda (D:4)
  Ijyb (D:3)
  2 orc wizards (D:4)
  Terence (D:3)
  5 adders (D:2)
  5 gnolls (D:4)
  4 worms
  3 dart slugs (D:1)
  12 orcs
  7 endoplasms
  3 giant cockroaches
  8 goblins
  3 hobgoblins
  6 quokkas
  4 ball pythons
  4 bats
  6 frilled lizards
  A kobold (D:4)
  5 rats (D:1)
85 creatures vanquished.

Notes
Turn   | Place    | Note
-------+----------+-------------------------------------------
     0 | D:1      | Naiya55 the Naga Ice Elementalist began the quest for the
                  | Orb.
     0 | D:1      | Reached XP level 1. HP: 15/15 MP: 3/3
   135 | D:1      | Reached XP level 2. HP: 22/22 MP: 5/5
   576 | D:1      | Reached XP level 3. HP: 23/28 MP: 6/6
   628 | D:2      | Reached skill level 5 in Ice Magic
   745 | D:2      | Reached XP level 4. HP: 9/36 MP: 0/7
  1359 | D:2      | Learned a level 3 spell: Frozen Ramparts
  1450 | D:2      | Found Nethrouna's Weapon Boutique.
  1493 | D:2      | Reached skill level 6 in Ice Magic
  1634 | D:3      | Identified the +2 cloak of the Eternal Fruit {Dex+5 Stlth-}
  1848 | D:3      | Reached XP level 5. HP: 36/42 MP: 4/8
  2117 | D:3      | Noticed Terence
  2134 | D:3      | Killed Terence
  2271 | D:3      | Found a burning altar of Makhleb.
  2475 | D:3      | Noticed Ijyb
  2488 | D:3      | Killed Ijyb
  2704 | D:4      | Reached skill level 7 in Ice Magic
  2704 | D:4      | Reached XP level 6. HP: 45/49 MP: 5/9
  3364 | D:4      | Reached skill level 8 in Ice Magic
  3366 | D:4      | Reached XP level 7. HP: 34/55 MP: 6/10
  3371 | D:4      | Reached skill level 1 in Fighting
  3373 | D:4      | Slain by a gnoll

Illustrated notes

Levels and vault maps discovered:
D:1:      tarquinn_simple_flora_water_a, layout_rooms, st_stairs_1
D:2:      layout_rooms, serial_shops, nicolae_shop_back_alley_shop,
          dk_noncrumbling_4, nicolae_figureground_pulse
D:3:      layout_basic, bloody_makhleb, st_stairs_12, uniq_terence, uniq_ijyb
D:4:      layout_basic, uniq_crazy_yiuf_cottage

Skill      XL: |  1  2  3  4  5  6  7 |
---------------+----------------------+-----
Ice Magic      | 5 6 7 8 |  8.1
Fighting       | 1 |  1.2
Dodging        | |  1.5
Stealth        | |  3.8
Spellcasting   | |  2.0

Action                     |  1- 3 |  4- 6 |  7- 9 || total
---------------------------+-------+-------+-------++-------
  Melee: Trident           |    45 |       |       ||    45
         Unarmed           |     2 |       |       ||     2
         Dagger            |       |   134 |     4 ||   138
         Punch             |       |     2 |       ||     2
   Cast: Freeze            |    20 |    16 |     1 ||    37
         Frozen Ramparts   |       |    13 |     1 ||    14
Ability: Spit Poison       |     5 |     8 |     1 ||    14
    Use: Potion            |       |       |     1 ||     1
   Stab: Sleeping          |     1 |     5 |       ||     6
 Armour: Robe              |    54 |   118 |     4 ||   176
  Dodge: Dodged            |    38 |    70 |     3 ||   111

Table legend: (Time is in decaauts)
 A = Elapsed time spent in this place.
 B = Non-inter-level travel time spent in this place.
 C = Inter-level travel time spent in this place.
 D = Time resting spent in this place.
 E = Time spent auto-exploring this place.
 F = Levels seen in this place.
 G = Mean time per level.
                   A        B        C        D        E       F      G
               +--------+--------+--------+--------+--------+-----+--------+
         Total |   4114 |   4037 |     77 |     33 |   3097 |   4 | 1028.5 |
       Dungeon |   4114 |   4037 |     77 |     33 |   3097 |   4 | 1028.5 |
               +--------+--------+--------+--------+--------+-----+--------+

Top non-repeatable levels by time:
     D:3: 1333 daAuts
     D:2: 1178 daAuts
     D:4: 856 daAuts
     D:1: 745 daAuts
